 Dungeon Crawl Stone Soup version 0.29.1-13-g9f3cf754e1 (webtiles) character file.

Game seed: 15045435301334174608

88 Descartes the Shield-Bearer (level 4, -7/37 HPs)
             Began as a Formicid Fighter on Jan 21, 2023.
             Was an Initiate of Gozag.
             Mangled by Crazy Yiuf
             ... wielding a +3 quarterstaff of chaos
              (12 damage)
             ... on level 2 of the Dungeon.
             The game lasted 00:04:41 (2247 turns).

Descartes the Shield-Bearer (Formicid Fighter)      Turns: 2247, Time: 00:04:42

Health: -7/37      AC:  7    Str: 22    XL:     4   Next: 82%
Magic:  5/5        EV: 13    Int:  8    God:    Gozag
Gold:   96         SH:  5    Dex: 13    Spells: 5/5 levels left

rFire   . . .      SeeInvis +   m - +1 trident (pain)
rCold   . . .      Faith    .   c - +0 buckler
rNeg    . . .      Spirit   .   b - +0 scale mail
rPois   .          Reflect  .   (helmet unavailable)
rElec   .          Harm     .   (no cloak)
rCorr   .          Rampage  .   (no gloves)
Will    .....                   (no boots)
Stlth   ..........              (no amulet)
HPRegen 0.12/turn               n - +4 ring of evasion
MPRegen 0.09/turn               (no ring)

@: mighty
A: permanent stasis, dig shafts and tunnels, antennae 3, four strong arms
a: Dig, Shaft Self, Renounce Religion, Potion Petition, Call Merchant, Bribe
Branch


You were on level 2 of the Dungeon.
You worshipped Gozag.
Gozag was noncommittal.
You visited 1 branch of the dungeon, and saw 2 of its levels.

You collected 124 gold pieces.
You paid 28 gold pieces to Gozag.

Inventory:

Hand Weapons
 a - a +0 war axe
 m - a +1 trident of pain (weapon)
Armour
 b - a +0 scale mail (worn)
 c - a +0 buckler (worn)
Jewellery
 f - a ring of wizardry
 n - a +4 ring of evasion (left hand)
Scrolls
 e - 3 scrolls of teleportation {unknown}
 g - a scroll of torment {unknown}
 h - a scroll of poison {unknown}
 i - 4 scrolls of identify {unknown}
 j - a scroll of enchant weapon {unknown}
Potions
 d - a potion of might
 k - a potion of flight {unknown}
 l - a potion of heal wounds {unknown}


   Skills:
 + Level 3.7 Fighting
 + Level 2.4 Axes
 + Level 0.0(1.3) Maces & Flails
 + Level 0.0(1.4) Polearms
 + Level 3.8 Armour
 + Level 4.4 Shields
 + Level 1.1 Spellcasting
 + Level 0.9 Translocations
 + Level 1.5 Evocations


You had 5 spell levels left.
You didn't know any spells.
Your spell library contained the following spells:

 Spells                   Type           Power      Damage    Failure   Level
 Foxfire                  Conj/Fire      0%         2x1d4     77%         1
 Necrotise                Necr           0%         1d4       77%         1
 Conjure Flame            Conj/Fire      0%         6-21      98%         3
 Inner Flame              Hex/Fire       0%         N/A       98%         3
 Ozocubu's Armour         Ice            0%         N/A       98%         3
 Vampiric Draining        Necr           0%         2d6       98%         3
 Flame Wave               Conj/Fire      0%         2d4       100%        4
 Agony                    Necr           0%         N/A       100%        5
 Ozocubu's Refrigeration  Ice            0%         4d7       100%        7


Dungeon Overview and Level Annotations

Branches:
Dungeon (2/15)

Altars:
Gozag

Shops:
D:1 :

Annotations:
D:2 Crazy Yiuf


Innate Abilities, Weirdness & Mutations

You cannot be hasted, slowed, berserked, paralysed or teleported.
You can dig through walls and to a lower floor.
You have a pair of large antennae on your head. (SInv)
Your four strong arms can wield two-handed weapons with a shield.


Message History

No target in view!
No target in view!
No target in view!
You now have 96 gold pieces (gained 8).
There is a stone staircase leading down here.
There is a stone staircase leading down here.
Found a hammer.
Found a runed translucent door.
Crazy Yiuf shouts!
Crazy Yiuf yells, "Cards verde light!"
You sense a monster nearby.
Crazy Yiuf shouts!
You open the door.
You reach to attack!
You hit Crazy Yiuf.
Crazy Yiuf is lightly wounded.
Crazy Yiuf screams, "Key sow sing!"
You barely miss Crazy Yiuf.
Crazy Yiuf is lightly wounded.
Crazy Yiuf hits you with a +3 quarterstaff of chaos.
Crazy Yiuf freezes you. You block Crazy Yiuf's attack.
You closely miss Crazy Yiuf.
Crazy Yiuf is lightly wounded.
Crazy Yiuf closely misses you.
You hit Crazy Yiuf.
Crazy Yiuf is moderately wounded.
Crazy Yiuf closely misses you.
You closely miss Crazy Yiuf.
Crazy Yiuf is moderately wounded.
Crazy Yiuf hits you with a +3 quarterstaff of chaos.
Crazy Yiuf freezes you.
Crazy Yiuf hits you with a +3 quarterstaff of chaos.
You barely miss Crazy Yiuf.
Crazy Yiuf is moderately wounded.
Crazy Yiuf hits you with a +3 quarterstaff of chaos.
You are electrocuted!
* * * LOW HITPOINT WARNING * * *
You are too injured to fight recklessly!
You feel very mighty all of a sudden.
Crazy Yiuf hits you with a +3 quarterstaff of chaos!
You die...
Your body crumbles into a pile of gold.

....รท.#.###.###.......[..##......
.................................
..............##.........#.......
.........################........
....###### #.>...... #..##
#........ ...#### ### ####........
......#### #)..### ##...........
.........# #...g@####............
...#.##### #...##..#..#..........
.........# ### ###.#............
#..#.....# #######........
#........# #........ #........###
############........
###.#......###...................
.##......#..##....#..............
..#.###......#....##.............


You could see Crazy Yiuf.

Vanquished Creatures
  2 adders (D:2)
  A gnoll (D:1)
  3 dart slugs
  6 ball pythons
  4 endoplasms
  A giant cockroach (D:1)
  5 hobgoblins
  7 quokkas
  5 bats
  2 frilled lizards (D:1)
  6 goblins
  5 kobolds
  7 rats
54 creatures vanquished.

Notes
Turn   | Place    | Note
-------+----------+-------------------------------------------
     0 | D:1      | Descartes the Formicid Fighter began the quest for the Orb.
     0 | D:1      | Reached XP level 1. HP: 18/18 MP: 1/1
    95 | D:1      | Reached XP level 2. HP: 18/24 MP: 2/2
   422 | D:1      | Reached XP level 3. HP: 24/29 MP: 3/3
   823 | D:1      | Reached skill level 1 in Evocations
   891 | D:1      | Found Noqeot Lac's Book Emporium.
  1195 | D:1      | Found a faded altar of an unknown god.
  1592 | D:2      | Reached XP level 4. HP: 35/35 MP: 3/5
  1866 | D:2      | Reached skill level 1 in Spellcasting
  1866 | D:2      | Found an opulent altar of Gozag.
  1878 | D:2      | Became a worshipper of Gozag Ym Sagoz the Greedy
  2137 | D:2      | Found a runed translucent door.
  2138 | D:2      | Noticed Crazy Yiuf
  2247 | D:2      | Mangled by Crazy Yiuf

Illustrated notes

Levels and vault maps discovered:
D:1:      saegor_arrival_simple_e, layout_loops_corners,
          shapermc_ecumenical_altar_mp_highgroup, serial_shops,
          nicolae_shop_hallway_plus, patterned_corridor
D:2:      layout_rooms, basic_altar, minmay_indecisive_spiral,
          uniq_crazy_yiuf_cottage

Skill      XL: |  1  2  3  4 |
---------------+-------------+-----
Evocations     | 1 |  1.5
Spellcasting   | 1 |  1.1
Fighting       | |  3.7
Axes           | |  2.4
Armour         | |  3.8
Shields        | |  4.4
Translocations | |  0.9

Action                   |  1- 3 |  4- 6 || total
-------------------------+-------+-------++-------
Melee: War axe           |    84 |    63 ||   147
       Trident           |       |     8 ||     8
  Use: Potion            |       |     1 ||     1
Armor: Scale mail        |    38 |    31 ||    69
Dodge: Dodged            |    43 |    27 ||    70
Block: Buckler           |    18 |    16 ||    34
